 Dungeon Crawl Stone Soup version 0.30.1-11-g7821555f0a (webtiles) character file.

Game seed: 5836382518121501544

3558 ChrisAssaf the Sneak (level 10, 0/70 HPs)
             Began as a Human Enchanter on Dec 19, 2023.
             Was a Believer of Nemelex Xobeh.
             Slain by a yak (13 damage)
             ... on level 7 of the Dungeon.
             The game lasted 00:32:10 (6515 turns).

ChrisAssaf the Sneak (Human Enchanter)              Turns: 6515, Time: 00:32:12

Health: 0/70       AC:  3    Str: 10    XL:     10   Next: 30%
Magic:  0/18       EV: 14    Int: 18    God:    Nemelex Xobeh [**....]
Gold:   243        SH:  0    Dex: 17    Spells: 0/19 levels left

rFire   . . .        h - +0 dagger (drain)
rCold   . . .        (no shield)
rNeg    + . .        b - +1 robe
rPois   .            (no helmet)
rElec   .            (no cloak)
rCorr   .            (no gloves)
SInv    .            (no boots)
Will    .....        f - amulet "Dula" {Spirit +Inv Dex+3}
Stlth   +++          m - ring of positive energy
HPRegen 0.31/turn    (no ring)
MPRegen 0.16/turn

%: guardian spirit
@: no status effects
A: no striking features
a: Renounce Religion, Evoke Invisibility, Draw Escape, Draw Destruction, Draw
Summoning


You were on level 7 of the Dungeon.
You worshipped Nemelex Xobeh.
Nemelex Xobeh was pleased with you.
You visited 1 branch of the dungeon, and saw 7 of its levels.

You collected 267 gold pieces.
You spent 24 gold pieces at shops.

Inventory:

Hand Weapons
 a - a +1 dagger
 h - a +0 dagger of draining (weapon)
 r - a +0 club
 t - a +0 dagger of venom
Missiles
 v - a curare-tipped dart (quivered)
Armour
 b - a +1 robe (worn)
 w - a +2 robe of resistance
Jewellery
 f - the amulet "Dula" (around neck) {Spirit +Inv Dex+3}
   (You acquired it on level 6 of the Dungeon)

   [amulet of guardian spirit]

   It causes incoming damage to be divided between your reserves of health and
   magic.
   Dex:       It affects your dexterity (+3).
   +Inv:      It lets you turn invisible.
 j - an amulet of regeneration
 m - a ring of positive energy (left hand)
 o - a ring of flight
Wands
 e - a wand of digging (6)
 n - a wand of mindburst (15)
 u - a wand of charming (8)
 x - a wand of flame (16)
Scrolls
 l - 2 scrolls of fog
 p - a scroll of vulnerability
 q - a scroll of teleportation
Potions
 c - a potion of invisibility
 d - 5 potions of cancellation
 g - 2 potions of lignification
 i - 2 potions of flight {unknown}
 k - a potion of haste
 s - a potion of curing


   Skills:
 * Level 3.6 Fighting
 * Level 4.3 Short Blades
 * Level 2.8 Throwing
 * Level 3.9 Armour
 * Level 4.4 Dodging
 * Level 6.3 Stealth
 * Level 5.3 Spellcasting
 * Level 1.5 Conjurations
 * Level 5.5 Hexes
 * Level 2.7 Necromancy
 * Level 3.5 Ice Magic
 * Level 2.0 Invocations
 * Level 2.9 Evocations


You couldn't memorise any spells.
You knew the following spells:

 Your Spells              Type           Power      Damage    Failure   Level
a - Ensorcelled Hibernat  Hex/Ice        42%        N/A       3%          2
b - Tukima's Dance        Hex            24%        N/A       4%          3
c - Confusing Touch       Hex            24%        N/A       4%          3
d - Vampiric Draining     Necr           14%        2d7       13%         3
e - Dispel Undead         Necr           14%        3d10      38%         4
f - Kiss of Death         Conj/Necr      48%        2d9       5%          1
g - Dazzling Flash        Conj/Hex       34%        N/A       9%          3

Your spell library contained the following spells:

 Spells                   Type           Power      Damage    Failure   Level
 Slow                     Hex            96%        N/A       1%          1
 Cigotuvi's Dreadful Rot  Necr/Pois/Air  16%        N/A       14%         2
 Death Channel            Necr           7%         N/A       100%        6


Dungeon Overview and Level Annotations

Branches:
Dungeon (7/15)
 Temple: D:4-7

Altars:
Dithmenos
Elyvilon
Gozag
Kikubaaqudgha
Makhleb
Nemelex Xobeh
Sif Muna
Trog
Vehumet
Wu Jian
Xom

Shops:
D:3 *   D:7 !

Annotations:
D:7 Maggie


Message History

The bullfrog dies!
Your Invocations skill increases to level 2!
Dowan zaps a wand.
The puff of flame hits you!
* * * LOW HITPOINT WARNING * * *
ChrisAssaf's illusion hits Dowan.
Throw: 2 darts (curare)
Press: ? - help, Q - select action, (/) - cycle Shift-Dir - straight line, f - Dowan
Aim: Dowan, wielding a +0 dagger of venom, wearing a +2 robe of resistance and carrying a wand of flame (16) (moderately wounded, fast, ally target, 51% to hit)
You throw a curare-tipped dart.
The curare-tipped dart closely misses Dowan.
ChrisAssaf's illusion completely misses Dowan.
Throw: dart (curare)
Press: ? - help, Q - select action, (/) - cycle Shift-Dir - straight line, f/p - Dowan
Aim: Dowan, wielding a +0 dagger of venom, wearing a +2 robe of resistance and carrying a wand of flame (16) (moderately wounded, fast, ally target, 51% to hit)
You throw a curare-tipped dart. The curare-tipped dart hits Dowan.
Dowan is poisoned.
Dowan convulses.
Dowan seems to slow down.
Dowan is heavily wounded.
ChrisAssaf's illusion hits Dowan.
ChrisAssaf's illusion drains Dowan.
Dowan dies!
ChrisAssaf's illusion shimmers and vanishes!
Items here: ( ) / [ †.
t - a +0 dagger of venom;
v - a curare-tipped dart;
w - a +2 robe of resistance
x - a wand of flame (16)
You draw a card...
You have drawn Pain.
Press: ? - help, Shift-Dir - straight line, f - yak
Aim: a yak (wandering, hasn't noticed you)
The yak bellows!
The yak convulses!
Unknown command.
Casting: Vampiric Draining (dangerous; 13% risk of failure)
Confirm with . or Enter, or press ? or * to list all spells.
Aiming: Vampiric Draining (dangerous; 13% risk of failure)
Press: ? - help, Shift-Dir - straight line, f/p - yak
Aim: a yak (heavily wounded)
You draw life force from the yak!
You feel life coursing into your body. The yak gores you!
You die...
Your body glows slightly and disappears.

##. ##...#...#....
#..##..###._.###..
.........∩............
#...................####
..#...................# ..
.....................###...
#>..§§§...............#.##.# ###
#...................#...##..
..####.....§...Y@........#....#.#
...........§§...................#
)...♣♣♣♣..§§≈≈.._..≈≈≈≈..♣♣♣♣...#
..........§....................>.
......#....)##[#####.............
..##........##.# #)##..........
..##.##.#....#.# ###.#..###..<...
..##.##...##...###.).#.## #......
.....##..#####....)....# #......


You could see a yak.

Vanquished Creatures
  A two-headed ogre (D:7)
  Prince Ribbit (D:5)
  Sigmund (D:3)
  Menkaure (D:7)
  A water moccasin (D:6)
  3 black bears
  An ogre (D:6)
  3 bullfrogs
  A kobold brigand (D:7)
  9 scorpions
  A howler monkey (D:6)
  2 jellies
  An orc priest (D:5)
  2 hounds
  An iguana (D:4)
  8 orc wizards
  3 sleepcaps (D:6)
  Robin (D:4)
  10 adders
  4 gnolls (D:4)
  2 white imps (D:6)
  3 dart slugs
  15 orcs
  8 ball pythons
  7 bats
  10 endoplasms
  4 giant cockroaches
  17 goblins
  8 hobgoblins
  13 kobolds
  2 quokkas
  6 frilled lizards
  6 rats
156 creatures vanquished.

Vanquished Creatures (collateral kills)
  Duvessa (D:7)
  Edmund (D:6)
  2 ogres (D:5)
  A bullfrog (D:7)
  Dowan (D:7)
  5 orcs
11 creatures vanquished.

Vanquished Creatures (others)
  3 dancing weapons
  A white imp (D:7)
4 creatures vanquished.

Grand Total: 171 creatures vanquished

Notes
Turn   | Place    | Note
-------+----------+-------------------------------------------
     0 | D:1      | ChrisAssaf the Human Enchanter began the quest for the Orb.
     0 | D:1      | Reached XP level 1. HP: 13/13 MP: 3/3
    79 | D:1      | Reached XP level 2. HP: 19/19 MP: 5/5
    94 | D:1      | Learned a level 2 spell: Ensorcelled Hibernation
   422 | D:2      | Reached XP level 3. HP: 25/25 MP: 3/6
   446 | D:2      | Learned a level 3 spell: Tukima's Dance
   495 | D:3      | Noticed Sigmund
   502 | D:3      | Killed Sigmund
   503 | D:3      | Reached skill level 1 in Fighting
   503 | D:3      | Reached skill level 1 in Armour
   503 | D:3      | Reached skill level 4 in Stealth
   503 | D:3      | Reached XP level 4. HP: 31/32 MP: 3/7
   503 | D:3      | Reached XP level 5. HP: 36/37 MP: 3/8
   537 | D:3      | Learned a level 3 spell: Confusing Touch
   542 | D:3      | Found Puf Udo's General Store.
   564 | D:3      | Bought a scroll of identify for 24 gold pieces
   592 | D:4      | Noticed Robin
   603 | D:4      | Reached XP level 6. HP: 43/43 MP: 5/9
   610 | D:4      | Reached skill level 1 in Ice Magic
   744 | D:5      | Entered Level 5 of the Dungeon
   844 | D:6      | Noticed a water moccasin
   875 | D:6      | Noticed Edmund
   892 | D:6      | Killed Edmund
   893 | D:6      | Reached XP level 7. HP: 34/49 MP: 0/11
   918 | D:6      | Killed a water moccasin
   977 | D:6      | Reached XP level 8. HP: 13/56 MP: 2/13
   984 | D:6      | HP: 2/56 [poisoned by an adder]
   989 | D:6      | Identified a scroll of acquirement
   989 | D:6      | Acquired the amulet "Dula" {Spirit +Inv Dex+3}
  1173 | D:6      | Learned a level 3 spell: Vampiric Draining
  1191 | D:6      | Reached skill level 1 in Throwing
  1354 | D:6      | Reached skill level 1 in Evocations
  1410 | D:6      | Reached skill level 5 in Stealth
  1466 | D:6      | HP: 2/57 [white imp (4)]
  1478 | D:6      | HP: 1/57 [white imp/puff of frost (3)]
  1718 | D:6      | Found a sparkling altar of Nemelex Xobeh.
  1743 | D:6      | Became a worshipper of Nemelex Xobeh the Trickster
  2007 | D:5      | Reached skill level 1 in Necromancy
  2153 | D:5      | Reached XP level 9. HP: 54/62 MP: 9/15
  2199 | D:5      | Noticed Prince Ribbit
  2239 | D:5      | Found a bloodstained altar of Trog.
  2241 | D:5      | Found a burning altar of Makhleb.
  2319 | D:5      | Learned a level 4 spell: Dispel Undead
  2601 | D:5      | Killed Prince Ribbit
  2689 | D:5      | Reached * piety under Nemelex Xobeh
  2702 | D:5      | Found a radiant altar of Vehumet.
  2710 | D:5      | Reached skill level 5 in Hexes
  2717 | D:5      | Got Vehumet's Grimoire of Damage
  2807 | D:5      | Learned a level 1 spell: Kiss of Death
  2809 | D:5      | Found an ancient bone altar of Kikubaaqudgha.
  2819 | D:5      | Found a shimmering blue altar of Sif Muna.
  3115 | D:4      | Killed Robin
  3228 | D:4      | Received a gift from Nemelex Xobeh
  3297 | D:4      | Reached skill level 1 in Invocations
  3907 | D:4      | Found a white marble altar of Elyvilon.
  4180 | D:3      | Found a hide-covered altar of Uskayaw.
  4182 | D:3      | Found a shimmering altar of Xom.
  4182 | D:3      | Found a shimmering blue altar of Sif Muna.
  4213 | D:3      | Found an opulent altar of Gozag.
  4213 | D:3      | Found a bloodstained altar of Trog.
  4213 | D:3      | Found an ornate altar of the Wu Jian Council.
  4828 | D:2      | Reached ** piety under Nemelex Xobeh
  5753 | D:7      | Noticed a two-headed ogre
  5844 | D:7      | Noticed Menkaure
  5887 | D:7      | Killed Menkaure
  5888 | D:7      | Reached skill level 6 in Stealth
  5955 | D:7      | Killed a two-headed ogre
  5956 | D:7      | Reached skill level 5 in Spellcasting
  5956 | D:7      | Reached skill level 1 in Conjurations
  5956 | D:7      | Reached XP level 10. HP: 10/70 MP: 1/17
  5979 | D:7      | Noticed Maggie
  6168 | D:6      | Learned a level 3 spell: Dazzling Flash
  6201 | D:7      | Found an ornate altar of the Wu Jian Council.
  6443 | D:7      | Noticed Dowan
  6445 | D:7      | Noticed Duvessa
  6446 | D:7      | Found Weireate's Distillery.
  6496 | D:7      | Found a shadowy altar of Dithmenos.
  6497 | D:7      | Killed Duvessa
  6508 | D:7      | Killed Dowan
  6515 | D:7      | Slain by a yak

Illustrated notes

Levels and vault maps discovered:
D:1:      psy_arrival_conway, layout_basic
D:2:      minmay_alternating_diamond, layout_rooms
D:3:      layout_rooms, doesnt_xom_only_xom, serial_shops, nicolae_shop_crystal,
          chequers_serial_rivers_micro_e, uniq_sigmund
D:4:      layout_basic, lemuel_tele_altar, kennysheep_generic_room_7, uniq_robin
D:5:      layout_rooms, palyth_temple_overflow_mages, nicolae_overflow_squiral,
          uniq_prince_ribbit1
D:6:      layout_rooms, nemelex_dance_club_becter,
          chequers_serial_rivers_room_b, uniq_edmund
D:7:      layout_rooms, mainiacjoe_overflow_boulevard,
          mainiacjoe_overflow_large_starburst, temple_pool_b, serial_shops,
          shop, hangedman_minor_gate_pass, uniq_menkaure, uniq_maggie,
          uniq_duvessa

Skill      XL: |  1  2  3  4  5  6  7  8  9 10 |
---------------+-------------------------------+-----
Fighting       | 1 2 3 |  3.6
Armour         | 1 2 3 |  3.9
Stealth        | 4 5 6 |  6.3
Ice Magic      | 1 2 3 |  3.5
Short Blades   | 2 3 4 |  4.3
Spellcasting   | 3 4 5 |  5.3
Hexes          | 4 5 |  5.5
Dodging        | 3 4 |  4.4
Throwing       | 1 2 |  2.8
Evocations     | 1 2 |  2.9
Necromancy     | 1 2 |  2.7
Invocations    | 1 2 |  2.0
Conjurations   | 1 |  1.5

Action                     |  1- 3 |  4- 6 |  7- 9 | 10-12 || total
---------------------------+-------+-------+-------+-------++-------
  Melee: Dagger            |    48 |    78 |   375 |    38 ||   539
         Punch             |       |     2 |     8 |       ||    10
  Throw: Dart              |       |       |    21 |     3 ||    24
   Cast: Ensorcelled Hiber |     7 |     5 |    47 |     1 ||    60
         Tukima's Dance    |     1 |     7 |    22 |     1 ||    31
         Vampiric Draining |       |       |    10 |     5 ||    15
         Confusing Touch   |       |       |     2 |     1 ||     3
         Kiss of Death     |       |       |     1 |       ||     1
 Invoke: Draw Destruction  |       |       |     3 |     2 ||     5
         Draw Summoning    |       |       |       |     1 ||     1
  Evoke: Wand              |       |       |       |     4 ||     4
    Use: Scroll            |     1 |     4 |     8 |       ||    13
         Potion            |       |       |    12 |     1 ||    13
   Stab: Sleeping          |     8 |     2 |    53 |     1 ||    64
         Confused          |       |       |     2 |       ||     2
         Invisible         |       |       |     1 |       ||     1
 Armour: Robe              |     6 |    21 |    57 |     3 ||    87
         Skin              |       |       |    14 |       ||    14
  Dodge: Dodged            |    31 |    45 |   271 |    44 ||   391
